 Dungeon Crawl Stone Soup version 0.22.0-38-g04b72b8c25 (webtiles) character file.

2655 pikimeister the Spear-Bearer (level 9, -10/79 HPs)
             Began as a Minotaur Berserker on Aug 28, 2018.
             Was an Elder of Trog.
             Shot with a sling bullet by Joseph (20 damage)
             ... on level 7 of the Dungeon.
             The game lasted 00:32:07 (6487 turns).

pikimeister the Spear-Bearer (Minotaur Berserker)   Turns: 6487, Time: 00:32:07

Health: -10/79     AC:  9    Str: 24    XL:     9   Next: 36%
Magic:  8/8        EV: 12    Int:  4    God:    Trog [****..]
Gold:   356        SH:  0    Dex: 11    Spells: 8/8 levels left

rFire    . . .     SeeInvis .   a - +1 spear (flame)
rCold    . . .     Gourm    .   (no shield)
rNeg     + . .     Faith    .   B - +1 scale mail
rPois    .         Spirit   .   (helmet restricted)
rElec    .         Reflect  .   (no cloak)
rCorr    .         Harm     .   (no gloves)
MR       .....                  (no boots)
Stlth    ..........             i - amulet of regeneration
HPRegen  0.63/turn              d - ring of positive energy
MPRegen  0.11/turn              (no ring)

@: lethally poisoned (-10 -> -10)
A: retaliatory headbutt, horns 2
a: Berserk, Trog's Hand, Brothers in Arms, Renounce Religion


You were on level 7 of the Dungeon.
You worshipped Trog.
Trog was greatly pleased with you.
You were very hungry.

You visited 1 branch of the dungeon, and saw 7 of its levels.
You also visited: Ossuary.

You collected 356 gold pieces.

Inventory:

Hand Weapons
 a - a +1 spear of flaming (weapon)
 D - a +0 trident
Missiles
 r - 260 stones (quivered)
 s - a throwing net
Armour
 b - a +0 animal skin
 p - a +0 leather armour
 B - a +1 scale mail (worn)
Jewellery
 d - a ring of positive energy (left hand)
 i - an amulet of regeneration (around neck)
 l - an uncursed amulet of harm
 y - an uncursed amulet of faith {unknown}
 z - an uncursed ring of positive energy
 C - an uncursed ring of protection from fire {unknown}
 G - the amulet "Qasew" {Gourm Slay+3, unknown}
   (You found it on level 5 of the Dungeon)

   [amulet of the gourmand]

   It allows you to eat raw meat even when not hungry.
   It affects your accuracy and damage with ranged weapons and melee attacks
   (+3).
 H - a +3 ring of strength {unknown}
Wands
 t - a wand of disintegration (13)
 x - a wand of iceblast (20)
Scrolls
 h - 5 scrolls of remove curse
 k - 5 scrolls of teleportation
 m - 2 scrolls of fog
 q - a scroll of enchant armour
 u - a scroll of blinking
 A - a scroll of immolation
Potions
 e - 5 potions of curing
 f - a potion of haste
 g - a potion of lignification
 j - a potion of mutation
 n - a potion of agility {unknown}
 o - a potion of might
 v - 2 potions of brilliance
 w - a potion of flight
Comestibles
 c - 7 rations


   Skills:
 + Level 7.3 Fighting
 + Level 9.5 Polearms
 * Level 9.5 Armour
 * Level 5.3 Dodging
 - Level 0.8 Stealth


You had 8 spell levels left.
You didn't know any spells.
Your spell library was empty.

Dungeon Overview and Level Annotations

Branches:
Dungeon (7/15)             Temple (0/1) D:5

Altars:
Cheibriados
Makhleb
Okawaru
Sif Muna
Zin
The Shining One

Shops:
D:4 [

Annotations:
D:6 2 transporters
D:7 Dowan, Duvessa, Joseph


Innate Abilities, Weirdness & Mutations

You reflexively headbutt those who attack you in melee.
You have a pair of horns on your head.


Message History

Duvessa hits you with a short sword of venom.
* * * LOW HITPOINT WARNING * * *
You are more poisoned.
You feel sick.
Joseph shoots a sling bullet.
The sling bullet hits you but does no damage.
You feel better.
Joseph says, "I'm here to kill trespassers.
I like my job."
Joseph shoots a sling bullet.
The sling bullet closely misses you. Duvessa barely misses you.
Duvessa hits you with a short sword of venom!
* * * LOW HITPOINT WARNING * * *
You are poisoned.
You see here a sling bullet.
You feel sick.
Dowan points at you and mumbles some strange words.
You easily resist.
You feel sick.
Dowan mumbles some strange words.
Dowan blinks!
Joseph shoots a sling bullet.
The sling bullet hits you!!
You die...

### #.#####
##@.e.###
###....##
##....#
##..@###
##.(..########
##.ยง.....@...
#...........
#........###
#......###


You could see Joseph and Duvessa.

Vanquished Creatures
  Prince Ribbit (D:5)
  The ghost of Kreyzy the Shield-Bearer, an amateur VSFi of Uskayaw (D:5)
  An orc warrior (D:6)
  A necrophage (D:6)
  A phantom (D:6)
  3 centaurs
  3 ogres
  A crocodile (D:6)
  2 bullfrogs
  A wyvern zombie (D:6)
  A scorpion (D:4)
  3 killer bees (D:7)
  2 crimson imps
  3 centaur zombies (Ossuary)
  A quasit (D:6)
  A jelly (D:5)
  4 hounds
  An orc priest (D:6)
  3 orc wizards
  A human zombie (Ossuary)
  Jessica (D:3)
  An iguana (D:6)
  5 worker ants
  5 big kobold zombies (Ossuary)
  4 mummies
  Robin (D:3)
  4 gnolls
  8 adders
  2 howler monkey skeletons (D:4)
  A shadow imp (D:6)
  4 adder zombies (Ossuary)
  2 adder skeletons
  2 worms
  2 dart slugs
  A leopard gecko (D:4)
  15 orcs
  6 bats
  7 giant cockroaches
  17 goblins
  6 hobgoblins
  17 jackals
  3 quokkas
  2 ball pythons
  7 frilled lizards
  A giant cockroach zombie (D:4)
  4 goblin zombies (Ossuary)
  4 hobgoblin zombies
  3 jackal zombies (Ossuary)
  A kobold (D:2)
  5 kobold zombies
  4 quokka zombies (Ossuary)
  6 rats
  4 rat zombies (Ossuary)
190 creatures vanquished.

Notes
Turn   | Place    | Note
-------+----------+-------------------------------------------
     0 | D:1      | pikimeister the Minotaur Berserker began the quest for the Orb.
     0 | D:1      | Reached XP level 1. HP: 19/19 MP: 0/0
    53 | D:1      | Reached XP level 2. HP: 16/27 MP: 1/1
   758 | D:2      | Reached XP level 3. HP: 29/33 MP: 2/2
  1242 | D:2      | Found a snail-covered altar of Cheibriados.
  1261 | D:2      | Reached XP level 4. HP: 29/41 MP: 3/3
  1394 | D:3      | Noticed a centaur
  1404 | D:3      | Killed a centaur
  1404 | D:3      | Reached skill level 5 in Polearms
  1404 | D:3      | Reached XP level 5. HP: 7/47 MP: 4/4
  1801 | D:3      | Reached ** piety under Trog
  2086 | D:3      | Noticed Robin
  2123 | D:3      | Killed Robin
  2124 | D:3      | Reached skill level 5 in Fighting
  2310 | D:3      | Noticed Jessica
  2323 | D:3      | Killed Jessica
  2895 | D:4      | Noticed an ogre
  2907 | D:4      | Killed an ogre
  2907 | D:4      | Reached XP level 6. HP: 37/56 MP: 5/5
  3113 | D:4      | Found a sand-covered staircase.
  3127 | Ossuary  | Entered an ossuary
  3187 | Ossuary  | Reached *** piety under Trog
  3399 | Ossuary  | Reached XP level 7. HP: 61/61 MP: 6/6
  3779 | D:4      | Reached skill level 5 in Armour
  3872 | D:4      | Found a faded altar of an unknown god.
  3872 | D:4      | Found a glowing golden altar of the Shining One.
  3933 | D:4      | Found an iron altar of Okawaru.
  3935 | D:4      | Found a glowing silver altar of Zin.
  3937 | D:4      | Reached **** piety under Trog
  3947 | D:4      | Found a burning altar of Makhleb.
  4457 | D:4      | Found Jaostie's Antique Armour Boutique.
  4597 | D:5      | Entered Level 5 of the Dungeon
  4727 | D:5      | Found a runed door.
  4728 | D:5      | Noticed Kreyzy's ghost (amateur VSFi)
  4747 | D:5      | Found a staircase to the Ecumenical Temple.
  4769 | D:5      | Reached XP level 8. HP: 46/71 MP: 7/7
  4957 | D:5      | Found a deep blue altar of Sif Muna.
  5103 | D:5      | Got a pitted jade amulet
  5266 | D:5      | Killed Kreyzy's ghost
  5321 | D:6      | Noticed Prince Ribbit
  5525 | D:5      | Killed Prince Ribbit
  5792 | D:6      | Reached XP level 9. HP: 77/79 MP: 8/8
  5889 | D:6      | Reached skill level 5 in Dodging
  5979 | D:6      | Found a transporter.
  5996 | D:6      | Found a transporter.
  6441 | D:7      | Noticed Dowan
  6443 | D:7      | Noticed Duvessa
  6451 | D:7      | Noticed Joseph
  6487 | D:7      | Shot with a sling bullet by Joseph

Skill      XL: |  1  2  3  4  5  6  7  8  9 |
---------------+----------------------------+-----
Fighting       | 4 5 6 7 |  7.3
Polearms       | 4 5 6 7 8 9 |  9.5
Armour         | 3 4 6 8 9 |  9.5
Dodging        | 3 4 5 |  5.3
Stealth        | |  0.8

Action                   |  1- 3 |  4- 6 |  7- 9 || total
-------------------------+-------+-------+-------++-------
Melee: Spear             |    95 |   224 |   410 ||   729
       Headbutt          |    10 |    45 |    65 ||   120
Invok: Berserk           |       |     2 |       ||     2
  Use: Scroll            |       |     7 |    15 ||    22
       Potion            |       |       |     1 ||     1
 Stab: Sleeping          |     1 |       |       ||     1
  Eat: Chunk             |     1 |     4 |     4 ||     9
       Ration            |       |     2 |     1 ||     3
Armor: Animal skin       |     9 |     1 |       ||    10
       Chain mail        |       |    47 |    20 ||    67
       Leather armour    |       |     7 |       ||     7
       Scale mail        |       |       |   106 ||   106
Dodge: Dodged            |    42 |    73 |   184 ||   299
